 Dungeon Crawl Stone Soup version 0.29.0-4-gdea44cf6ec (webtiles) character file.

Game seed: 14361508969585042820

337 qw the Cleaver (level 6, -3/51 (52) HPs)
             Began as a Minotaur Berserker on Sept 6, 2022.
             Was a Priest of Trog.
             Slain by a wight
             ... wielding a +1 great sword
              (6 damage)
             ... on level 5 of the Dungeon.
             The game lasted 00:01:09 (3548 turns).

qw the Cleaver (Minotaur Berserker)                 Turns: 3548, Time: 00:01:09

HP:   -3/51 (52)    AC: 13    Str: 23    XL:     6   Next: 28%
MP:   5/5           EV:  7    Int:  2    God:    Trog [***...]
Gold: 74            SH:  0    Dex: 10    Spells: 5/5 levels left

rFire   . . .      SeeInvis .   Y - +3 hand axe
rCold   . . .      Faith    .   (no shield)
rNeg    + . .      Spirit   .   k - +0 plate armour
rPois   .          Reflect  .   (helmet restricted)
rElec   .          Harm     .   (no cloak)
rCorr   .          Rampage  .   n - +0 pair of gloves
Will    +....                   h - +0 pair of boots
Stlth   ..........              (no amulet)
HPRegen 0.17/turn               j - ring of willpower
MPRegen 0.09/turn               p - ring of positive energy

@: about to teleport, lightly drained
A: horns 2, retaliatory headbutt, dopey 1, wild magic 1
a: Renounce Religion, Berserk, Trog's Hand


You were on level 5 of the Dungeon.
You worshipped Trog.
Trog was most pleased with you.
You visited 1 branch of the dungeon, and saw 5 of its levels.
You also visited: Sewer.

You collected 260 gold pieces.
You spent 186 gold pieces at shops.


Innate Abilities, Weirdness & Mutations

You have a pair of horns on your head.
You reflexively headbutt those who attack you in melee.
You are dopey. (Int -2)
Your spells are a little harder to cast, but a little more powerful.


   Skills:
 - Level 4.0 Fighting
 + Level 8.0 Axes
 - Level 1.0 Throwing
 - Level 3.1 Armour
 - Level 2.1 Dodging


You had 5 spell levels left.
You didn't know any spells.
Your spell library was empty.

Inventory:

Hand Weapons
 l - a +0 flail
 Y - a +3 hand axe (weapon)
Missiles
 b - 2 boomerangs
 f - 5 javelins (quivered)
Armour
 h - a +0 pair of boots (worn)
 k - a +0 plate armour (worn)
 n - a +0 pair of gloves (worn)
Jewellery
 j - a ring of willpower (left hand)
 p - a ring of positive energy (right hand)
Potions
 a - a potion of ambrosia {unknown}
 d - a potion of brilliance {unknown}
 e - a potion of degeneration {unknown}
 g - a potion of haste {unknown}
 i - 4 potions of curing
 m - a potion of mutation
 o - a potion of berserk rage {unknown}
 q - a potion of cancellation {unknown}

Dungeon Overview and Level Annotations

Branches:
Dungeon (5/15)              Sewer (visited)
 Temple: D:4-7

Altars:
Elyvilon
Qazlal

Shops:
D:2 =   D:5 *


Message History

You hit the wight.
You destroy the wight!
Trog accepts your kill. The wight hits you but does no damage.
You have reached level 6! 2 wights come into view.
The wight hits you but does no damage.
Things that are here:
a +2 long sword; a +0 robe You slash the wight!
You headbutt the wight.
You destroy the wight!
Trog accepts your kill.
Your Axes skill increases to level 8!
You hit the wight but do no damage.
You headbutt the wight, but do no damage.
You punch the wight, but do no damage. You hit the wight but do no damage.
The wight barely misses you. The wight hits you with a +0 battleaxe!
You hit the wight. Your headbutt misses the wight.
The wight is moderately damaged.
You hit the wight but do no damage. The wight hits you with a +0 battleaxe!
The wight barely misses you. You furiously retaliate!
You headbutt the wight, but do no damage.
You hit the wight but do no damage.
You headbutt the wight, but do no damage.
The wight is moderately damaged.
You hit the wight but do no damage. The wight closely misses you.
The wight barely misses you.
You slash the wight!
The wight is almost destroyed.
You hit the wight but do no damage. You hit the wight.
The wight barely misses you. The wight hits you with a +0 battleaxe!
The wight hits you with a +1 great sword.
3548 ||| READING scroll of teleportation.
As you read the scroll of teleportation, it crumbles to dust.
You feel strangely unstable. The wight hits you with a +0 battleaxe.
The wight hits you with a +0 battleaxe! You partially resist.
You feel drained.
The wight hits you with a +1 great sword.
You die...

##....###'###.......#
######~~.~~#........
#~7%7~#.......#
#~.\.~#.......#
#~7.7~#.......# ..
#~~.~~#.......#
....###'###.....
........#z...#.#
........@z......
........#z#.#...
.......##.# .....##
.. ##... .## #... ##
...


You could see 3 wights.

Vanquished Creatures
  2 wights (D:5)
  An iguana (D:5)
  A merfolk siren (Sewer)
  A merfolk avatar (Sewer)
  7 adders
  A river rat (Sewer)
  A worm (D:2)
  4 dart slugs
  3 orcs
  10 ball pythons
  8 endoplasms
  8 giant cockroaches
  5 hobgoblins
  4 kobolds
  A quokka (Sewer)
  5 bats
  5 frilled lizards
  3 goblins
  21 rats
91 creatures vanquished.

Notes
Turn   | Place    | Note
-------+----------+-------------------------------------------
     0 | D:1      | qw the Minotaur Berserker began the quest for the Orb.
     0 | D:1      | Reached XP level 1. HP: 19/19 MP: 0/0
     0 | D:1      | 0 ||| qw: Version: 0.1-a-108-g9e35731
     0 | D:1      | 0 ||| qw: Game counter: 6237
     0 | D:1      | 0 ||| qw: Always use a shield: true
     0 | D:1      | 0 ||| qw: Do Orc after D:15 true
     0 | D:1      | 0 ||| qw: Do second Lair branch before Depths: true
     0 | D:1      | 0 ||| qw: Lair rune preference: random
     0 | D:1      | 0 ||| qw: Plans: Normal
     0 | D:1      | 0 ||| PLANNING D:1-11
   115 | D:1      | 115 ||| Stepping ~*~*~tactically~*~*~ (stealth).
   118 | D:1      | 118 ||| Stepping ~*~*~tactically~*~*~ (stealth).
   189 | D:1      | Reached skill level 4 in Axes
   252 | D:1      | Found a faded altar of an unknown god.
   340 | D:1      | 340 ||| Stepping ~*~*~tactically~*~*~ (hiding).
   341 | D:1      | 341 ||| Stepping ~*~*~tactically~*~*~ (hiding).
   352 | D:1      | Reached XP level 2. HP: 22/26 MP: 1/1
   556 | D:1      | 556 ||| Stepping ~*~*~tactically~*~*~ (hiding).
   663 | D:1      | 663 ||| Stepping ~*~*~tactically~*~*~ (hiding).
   858 | D:1      | 858 ||| UPGRADING to +0 pair of boots.
   863 | D:1      | 863 ||| UPGRADING to +0 scale mail.
   873 | D:1      | 873 ||| DROPPING +0 animal skin.
   874 | D:1      | 874 ||| READING scroll labelled MUOXKO JETIN.
   875 | D:1      | 875 ||| READING scroll labelled DUTEVVYPUO.
   876 | D:1      | 876 ||| READING scroll labelled UNAPNUME QUCKOE.
  1006 | D:2      | 1006 ||| INVOKING Berserk.
  1158 | D:2      | Reached skill level 5 in Axes
  1191 | D:2      | Reached XP level 3. HP: 26/31 MP: 2/2
  1191 | D:2      | 1191 ||| FLEEEEING.
  1192 | D:2      | 1192 ||| FLEEEEING.
  1193 | D:2      | 1193 ||| FLEEEEING.
  1199 | D:2      | 1199 ||| FLEEEEING.
  1200 | D:2      | 1200 ||| FLEEEEING.
  1201 | D:2      | 1201 ||| FLEEEEING.
  1202 | D:2      | 1202 ||| FLEEEEING.
  1203 | D:2      | 1203 ||| FLEEEEING.
  1204 | D:2      | 1204 ||| FLEEEEING.
  1205 | D:2      | 1205 ||| FLEEEEING.
  1206 | D:2      | 1206 ||| FLEEEEING.
  1246 | D:2      | 1246 ||| Stepping ~*~*~tactically~*~*~ (stealth).
  1318 | D:2      | Found a white marble altar of Elyvilon.
  1491 | D:2      | Reached skill level 1 in Throwing
  1533 | D:2      | Reached ** piety under Trog
  1590 | D:2      | Reached XP level 4. HP: 39/39 MP: 3/3
  1625 | D:2      | Found Dykiodghi's Jewellery Emporium.
  1630 | D:2      | 1630 ||| SHOPLISTING amulet of guardian spirit (300 gold,
                  | have 67).
  1630 | D:2      | 1630 ||| SHOPLISTING ring "Wuatu" {Wiz rCorr} (426 gold,
                  | have 67).
  1630 | D:2      | 1630 ||| SHOPLISTING ring of positive energy (200 gold,
                  | have 67).
  1630 | D:2      | 1630 ||| SHOPLISTING ring of protection from fire (250
                  | gold, have 67).
  1630 | D:2      | 1630 ||| SHOPLISTING ring of resist corrosion (200 gold,
                  | have 67).
  1630 | D:2      | 1630 ||| SHOPLISTING ring of see invisible (150 gold, have
                  | 67).
  1630 | D:2      | 1630 ||| SHOPLISTING ring of the Scavenger {Fire Str+3
                  | Dex-5} (278 gold, have 67).
  1640 | D:2      | 1640 ||| READING scroll of enchant weapon.
  1640 | D:2      | 1640 ||| ENCHANTING +1 hand axe.
  1647 | D:2      | 1647 ||| UPGRADING to +0 plate armour.
  1657 | D:2      | 1657 ||| DROPPING +0 scale mail.
  1658 | D:2      | 1658 ||| DROPPING ring of flight.
  1659 | D:2      | 1659 ||| READING scroll labelled ZUJIDO SEINN.
  1660 | D:2      | 1660 ||| READING scroll labelled QER JIAPEE.
  1661 | D:2      | 1661 ||| READING 2 scrolls labelled BEZ NOQIFYFFUR.
  1662 | D:2      | 1662 ||| DROPPING scroll of fear.
  1668 | D:3      | 1668 ||| PLANNING SEWER
  1701 | D:3      | Found a stormy altar of Qazlal.
  1802 | D:3      | 1802 ||| READING scroll of enchant weapon.
  1802 | D:3      | 1802 ||| ENCHANTING +2 hand axe.
  1956 | D:3      | Reached skill level 6 in Axes
  2245 | D:3      | Found a glowing drain.
  2246 | D:3      | 2246 ||| READING 2 scrolls labelled LAOZXO IHABLATH.
  2247 | D:3      | 2247 ||| DROPPING scroll of noise.
  2257 | Sewer    | Entered a sewer
  2278 | Sewer    | 2278 ||| Stepping ~*~*~tactically~*~*~ (stealth).
  2326 | Sewer    | 2326 ||| Stepping ~*~*~tactically~*~*~ (water).
  2364 | Sewer    | Reached XP level 5. HP: 45/45 MP: 4/4
  2402 | Sewer    | 2402 ||| Stepping ~*~*~tactically~*~*~ (stealth).
  2466 | Sewer    | Reached skill level 7 in Axes
  2466 | Sewer    | 2466 ||| Stepping ~*~*~tactically~*~*~ (stealth).
  2467 | Sewer    | 2467 ||| Stepping ~*~*~tactically~*~*~ (stealth).
  2479 | Sewer    | 2479 ||| Stepping ~*~*~tactically~*~*~ (stealth).
  2503 | Sewer    | Reached skill level 3 in Armour
  2665 | Sewer    | 2665 ||| READING scroll labelled SOSIACLOMUG.
  2666 | Sewer    | 2666 ||| READING 2 scrolls of teleportation.
  2768 | D:3      | 2768 ||| PLANNING D:1-11
  2943 | D:4      | 2943 ||| Stepping ~*~*~tactically~*~*~ (hiding).
  3357 | D:4      | Reached *** piety under Trog
  3365 | D:4      | 3365 ||| DROPPING +0 mace.
  3425 | D:4      | 3425 ||| UPGRADING to +0 pair of gloves.
  3430 | D:4      | 3430 ||| UPGRADING to ring of willpower.
  3431 | D:4      | 3431 ||| UPGRADING to ring of positive energy.
  3432 | D:4      | 3432 ||| DRINKING 2 metallic blue potions.
  3433 | D:4      | 3433 ||| DRINKING 3 amethyst potions.
  3434 | D:4      | 3434 ||| DRINKING 2 inky potions.
  3434 | D:4      | Gained mutation: You are dopey. (Int -2) [potion of
                  | mutation]
  3434 | D:4      | Gained mutation: Your spells are a little harder to cast,
                  | but a little more powerful. [potion of mutation]
  3435 | D:4      | 3435 ||| DROPPING potion of invisibility.
  3458 | D:5      | Entered Level 5 of the Dungeon
  3472 | D:5      | Found Kin Zest's Assorted Antiques.
  3473 | D:5      | 3473 ||| Stepping ~*~*~tactically~*~*~ (stealth).
  3479 | D:5      | 3479 ||| BUYING 2 potions of curing (144 gold).
  3479 | D:5      | Bought 2 potions of curing for 144 gold pieces
  3479 | D:5      | 3479 ||| BUYING fizzy golden potion (21 gold).
  3479 | D:5      | Bought a fizzy golden potion for 21 gold pieces
  3479 | D:5      | 3479 ||| BUYING fizzy grey potion (21 gold).
  3479 | D:5      | Bought a fizzy grey potion for 21 gold pieces
  3479 | D:5      | 3479 ||| SHOPLISTING onyx ring (120 gold, have 74).
  3479 | D:5      | 3479 ||| SHOPLISTING shiny agate ring (120 gold, have 74).
  3535 | D:5      | 3535 ||| Stepping ~*~*~tactically~*~*~ (hiding).
  3542 | D:5      | Reached XP level 6. HP: 49/52 MP: 5/5
  3544 | D:5      | Reached skill level 8 in Axes
  3547 | D:5      | HP: 13/52 [wight/+1 great sword (6)]
  3548 | D:5      | 3548 ||| READING scroll of teleportation.
  3548 | D:5      | HP: 5/52 [wight/+0 battleaxe (8)]
  3548 | D:5      | Slain by a wight

Levels and vault maps discovered:
D:1:      wander_arrival_peaceful_grave, layout_loops_ring,
          shapermc_ecumenical_altar_pompeii
D:2:      layout_rooms, serial_shops, shop, basic_altar
D:3:      layout_loops_ring, nicolae_overflow_crystal_walls,
          portal_sewer_entry_d
D:4:      layout_basic, chequers_serial_rivers_room_b, minivault_24,
          nicolae_elevator_lobby_asterisk
D:5:      layout_rooms, minmay_temple_entry_sparse_star,
          ebering_ghost_rock_garden, serial_shops, kennysheep_little_box,
          uniq_prince_ribbit1

Skill      XL: |  1  2  3  4  5  6 |
---------------+-------------------+-----
Axes           | 4 5 6 7 8 |  8.0
Throwing       | 1 |  1.0
Armour         | 3 |  3.1
Fighting       | 4 |  4.0
Dodging        | |  2.1

Action                   |  1- 3 |  4- 6 || total
-------------------------+-------+-------++-------
Melee: Hand axe          |    66 |    77 ||   143
       Headbutt          |     8 |     6 ||    14
       Punch             |       |     1 ||     1
Throw: Javelin           |     4 |    17 ||    21
       Boomerang         |       |    26 ||    26
Invok: Berserk           |     1 |       ||     1
  Use: Scroll            |     3 |     9 ||    12
       Potion            |       |     3 ||     3
Armor: Animal skin       |     3 |       ||     3
       Scale mail        |     8 |       ||     8
       Plate armour      |       |    29 ||    29
Dodge: Dodged            |    25 |    20 ||    45

Table legend:
 A = Non-vault XP
 B = Vault XP
 C = Vault XP percentage of total XP
 D = Non-vault monster count
 E = Vault monster count
 F = Vault count percentage of total count
                 A         B        C        D         E       F
            +---------+---------+-------+---------+---------+-------
      Total |     342 |     140 |  29.0 |      57 |      34 |  37.4
            +---------+---------+-------+---------+---------+-------
        D:1 |      26 |       0 |   0.0 |      13 |       0 |   0.0
        D:2 |      72 |       0 |   0.0 |      21 |       0 |   0.0
        D:3 |      27 |      13 |  32.5 |       8 |       1 |  11.1
        D:4 |      36 |       0 |   0.0 |      11 |       0 |   0.0
        D:5 |     181 |       0 |   0.0 |       4 |       0 |   0.0
      Sewer |       0 |     127 | 100.0 |       0 |      33 | 100.0
            +---------+---------+-------+---------+---------+-------
